 Dungeon Crawl Stone Soup version 0.20.1-1-g8b1a95d (webtiles) character file.

657723 JeffiDaFish the Invulnerable (level 27, -10/218 HPs)
             Began as a Minotaur Fighter on Dec 26, 2017.
             Was the Champion of Okawaru.
             Killed from afar by a hellion (23 damage)
             ... with damnation
             ... on level 10 of the Dungeon on Jan 1, 2018.
             The game lasted 02:57:58 (62501 turns).

JeffiDaFish the Invulnerable (Minotaur Fighter)    Turns: 62501, Time: 02:57:59

Health: -10/218    AC: 54    Str: 23 (24) XL:     27
Magic:  23/23      EV: 26    Int:  0 (1)  God:    Okawaru [******]
Gold:   4708       SH: 14    Dex: 32      Spells: 26/26 levels left

rFire    + . .     SeeInvis .   L - +8 broad axe (venom)
rCold    . . .     Gourm    .   a - +3 buckler {reflect}
rNeg     + . .     Faith    .   m - +19 crystal plate armour of the Morning {MR+}
rPois    +         Spirit   .   (helmet unavailable)
rElec    .         Reflect  +   y - +1 cloak of the Hot Ocelot {+Inv Dex+5 Stlth+}
rCorr    .         Harm     .   B - +2 pair of gloves {Dex+3}
MR       +++++     Clarity  +   P - +0 pair of boots of the Will of the Gods {Str+3}
Stlth    ..........             N - amulet of the Four Winds {rN+ MR+++ Clar}
Regen    0.5/turn               J - +5 ring of dexterity
MPRegen  0.2/turn               O - ring of Zoruv {+Blink rPois rF+ Stlth-}

@: slowed, lost intelligence, very slow
A: retaliatory headbutt, horns 3, yellow scales 1, berserk 1, clumsy 1, deformed
body, deterioration 1, dopey 2, frail 2, low mp 1, weak 1
0: Orb of Zot
}: 3/15 runes: decaying, serpentine, silver
a: Heroism, Finesse, Renounce Religion, Evoke Blink, Evoke Invisibility


You were on level 10 of the Dungeon.
You worshipped Okawaru.
Okawaru was exalted by your worship.
You were not hungry.

You visited 10 branches of the dungeon, and saw 50 of its levels.
You also visited: Sewer, Bailey and Ice Cave.

You collected 6975 gold pieces.
You spent 2267 gold pieces at shops.

Inventory:

Hand Weapons
 s - a +5 broad axe of flaming
 D - a +3 vampiric executioner's axe
 L - a +8 broad axe of venom (weapon)
Armour
 a - a +3 buckler of reflection (worn)
 m - the +19 crystal plate armour of the Morning (worn) {MR+}
   (You acquired it on level 11 of the Dungeon)

   It affects your resistance to hostile enchantments.
 y - the +1 cloak of the Hot Ocelot (worn) {+Inv Dex+5 Stlth+}
   (You found it on level 1 of the Snake Pit)

   It affects your dexterity (+5).
   It lets you turn invisible.
   It makes you more stealthy.
 B - a +2 pair of gloves of dexterity (worn)
 C - the scarf of Mental Paralysis {+Inv Str+6}
   (Okawaru gifted it to you on level 2 of the Lair of Beasts)

   It affects your strength (+6).
   It lets you turn invisible.
 P - the +0 pair of boots of the Will of the Gods (worn) {Str+3}
   (Okawaru gifted it to you on level 1 of the Vaults)

   It affects your strength (+3).
 T - a +3 shield of protection
Jewellery
 d - the amulet of Vitality {Regen+ HP+15}
   (You found it on level 4 of the Depths)

   [amulet of regeneration]

   It affects your health (+15).
   It increases your rate of regeneration.
 l - the amulet "Xaffogun" {Gourm rC+ Str+3 Dex+4}
   (You took it off a deep elf sorcerer on level 5 of the Vaults)

   [amulet of the gourmand]

   It allows you to eat raw meat even when not hungry.
   It affects your strength (+3).
   It affects your dexterity (+4).
   It protects you from cold.
 t - the ring "Zosi Uwu" {*Tele MP+9, unknown}
   (You took it off a deep elf demonologist on level 3 of the Elven Halls)

   [ring of teleportation]

   It may teleport you next to monsters.
   It affects your magic capacity (+9).
 w - an uncursed ring of see invisible
 J - a +5 ring of dexterity (left hand)
 N - the amulet of the Four Winds (around neck) {rN+ MR+++ Clar}
   (You bought it in a shop on level 2 of the Orcish Mines)

   [amulet of nothing]

   It protects you from negative energy.
   It affects your resistance to hostile enchantments.
   It protects you against confusion.
 O - the ring of Zoruv (right hand) {+Blink rPois rF+ Stlth-}
   (You bought it in a shop on level 2 of the Orcish Mines)

   [ring of poison resistance]

   It protects you from fire.
   It protects you from poison.
   It lets you blink.
   It makes you less stealthy.
 S - the cursed necklace of Bloodlust {*Rage +Rage MR++ Int-3 Slay+6 *Curse}
   (You took it off a deep elf mage on level 1 of the Elven Halls)

   [amulet of rage]

   It affects your intelligence (-3).
   It affects your accuracy and damage with ranged weapons and melee attacks
   (+6).
   It affects your resistance to hostile enchantments.
   It lets you go berserk.
   It may make you go berserk in combat.
   It curses itself when equipped.
   It has a curse placed upon it.
Scrolls
 b - 6 scrolls of fear
 e - a scroll of summoning
 j - a scroll of magic mapping
 n - 20 scrolls of teleportation
 p - a scroll of holy word
 r - 12 scrolls of recharging
 x - 24 scrolls of remove curse
 z - 5 scrolls of blinking
 E - 5 scrolls of fog
 I - a scroll of acquirement
 K - 2 scrolls of silence
 R - 6 scrolls of identify
Potions
 i - 3 potions of resistance
 k - 5 potions of agility
 o - 6 potions of haste
 q - 7 potions of curing
 v - 4 potions of heal wounds
 G - 4 potions of cancellation
 H - 11 potions of flight
 Q - 8 potions of might
Comestibles
 c - 29 fruits
 f - 29 bread rations
 g - 9 royal jellies
 h - 22 meat rations


   Skills:
 O Level 27 Fighting
 O Level 27 Axes
 O Level 27 Armour
 + Level 24.3 Dodging
 + Level 17.3 Shields
 - Level 6.2 Invocations


You had 26 spell levels left.
You didn't know any spells.

Dungeon Overview and Level Annotations

Branches:
Dungeon (15/15)            Temple (1/1) D:6            Lair (6/6) D:11
  Swamp (4/4) Lair:4        Snake (4/4) Lair:2        Slime (0/5) Lair:5
    Orc (2/2) D:12            Elf (3/3) Orc:2        Vaults (5/5) D:14
  Crypt (0/3) Vaults:2     Depths (5/5) D:15            Zot (5/5) Depths:5

Altars:
Ashenzari
Cheibriados
Dithmenos
Elyvilon
Fedhas
Gozag
Hepliaklqana
Kikubaaqudgha
Makhleb
Nemelex Xobeh
Okawaru
Qazlal
Ru
Sif Muna
Trog
Uskayaw
Vehumet
Xom
Yredelemnul
Zin
Jiyva

Shops:
D:5 ?=   D:10 }   D:12 %   Orc:2 =**?=:?   Snake:1 *   Vaults:1 !   Vaults:2 (
Depths:3 =   Depths:5 :

Portals:
Hell: Depths:1 Depths:2 Depths:3 Depths:4 Depths:5
Abyss: Depths:4
Pandemonium: Depths:1 Depths:2 Depths:3 Depths:4
Ziggurat: Depths:1

Annotations:
Snake:2 exclusion: oklob plant


Innate Abilities, Weirdness & Mutations

You reflexively headbutt those who attack you in melee.
You have a pair of large horns on your head.
You are partially covered in yellow scales. (AC +2)
You tend to lose your temper in combat.
You are clumsy. (Dex -2)
Armour fits poorly on your strangely shaped body.
Your body sometimes deteriorates upon taking damage.
You are very dopey. (Int -4)
You are very frail. (-20% HP)
Your magical capacity is low. (-10% MP)
You are weak. (Str -2)


Message History

You can move again.
You feel much better. You block the crimson imp's attack.
The hellion gestures at you.
The sphere of damnation explodes!
The damnation engulfs you!
* * * LOW HITPOINT WARNING * * *
The damnation engulfs the crimson imp.
The crimson imp dies!
The hellion gestures at you.
The sphere of damnation explodes!
The damnation engulfs you!
* * * LOW HITPOINT WARNING * * *
You feel much better. The Brimstone Fiend gestures at you.
The sphere of damnation explodes!
The damnation engulfs you!
* * * LOW HITPOINT WARNING * * *
You hear a shout!
An Orb Guardian comes into view.
You almost manage to decipher the scroll, but fail in this attempt.
The hellion gestures at you.
The sphere of damnation explodes!
The damnation engulfs you!
You die...

≈≈≈≈≈≈≈≈≈≈≈≈≈≈≈≈≈≈≈≈≈≈≈≈≈≈≈≈.# ##
≈≈≈≈≈≈≈≈≈≈≈≈≈≈≈≈≈≈≈≈≈≈≈≈≈≈≈≈## #
≈≈≈...........≈≈≈≈≈≈≈≈≈≈≈≈≈≈### #
.......................≈≈≈≈≈≈≈###
........)..................≈≈≈≈≈#
.................................
........))......1........>.......
.........#####...).....#########.
.........#...'..@.2....#.......#.
####....(#...#.........#.......#.
...#.....'...#.........#.......#.
...#....<#...#.....)..[[).>....#.
...#.(.:.#...#.........#.......#2
...#.....#...#..X......#.......#.
...#.....#####..####...#########.
...#............#..#.............
...#..........###..#.............


You could see a Brimstone Fiend, an Orb Guardian and a hellion.

Vanquished Creatures
  4 orbs of fire
  4 ancient liches
  2 juggernauts
  Mara (Depths:3)
  3 greater mummies (Depths:4)
  Sojobo (Vaults:3)
  the Lernaean hydra (Swamp:4)
  Bai Suzhen (Snake:3)
  Boris (Vaults:2)
  Margery (Depths:3)
  6 Killer Klowns (Zot:5)
  Saint Roka (Vaults:1)
  2 curse toes
  15 golden dragons
  the Enchantress (D:15)
  3 electric golems
  2 Ice Fiends (IceCv)
  5 liches
  13 tentacled monstrosities
  Asterion (Depths:1)
  26 Orb Guardians
  3 deep elf blademasters
  3 titans
  8 sphinxes
  5 quicksilver dragons
  8 death cobs
  7 tengu reavers
  A draconian monk (Zot:4)
  A thorn hunter (Swamp:4)
  11 shadow dragons
  Agnes (Snake:3)
  20 storm dragons
  Roxanne (Swamp:1)
  11 nagarajas
  8 fire giants
  Donald (Elf:3)
  12 frost giants
  6 draconian knights
  3 deep elf sorcerers
  4 iron dragons
  13 vault wardens
  Louise (Swamp:1)
  4 draconian scorchers
  3 ghost moths
  A balrug (Depths:2)
  3 draconian shifters (Zot:5)
  Aizul (Snake:3)
  7 deep elf elementalists
  A ghoul (Vaults:2)
  7 draconian stormcallers
  15 ironheart preservers
  3 war gargoyles
  3 draconian annihilators
  7 spriggan defenders
  28 stone giants
  A vampire knight (Depths:4)
  11 green draconians
  21 very ugly things
  The ghost of hawkwood the Severer, a journeyman MiWz of Okawaru (Lair:4)
  An entropy weaver (Vaults:4)
  9 deep elf annihilators
  9 deep elf demonologists (Elf:3)
  11 black draconians
  8 spark wasps
  12 red draconians
  12 white draconians
  A dire elephant (D:15)
  9 yellow draconians
  3 purple draconians
  Snorg (D:10)
  20 ettins
  5 crystal guardians
  7 deep elf death magi
  A mummy priest (Depths:4)
  24 yaktaur captains
  11 fire dragons
  2 jiangshi (Depths:1)
  9 deep elf high priests
  Josephine (D:14)
  3 rakshasas (Depths:2)
  7 ice dragons
  7 great orbs of eyes
  3 ghost crabs
  4 spriggan air magi
  34 vault guards
  20 hydras
  3 death knights
  20 naga warriors
  55 two-headed ogres
  An alligator snapping turtle (shapeshifter) (Vaults:5)
  Erica (D:11)
  9 alligators
  32 dancing weapons
  10 anacondas
  17 ogre magi
  11 centaur warriors
  10 deep troll shamans
  3 death yaks (Lair:6)
  6 tengu warriors
  7 deep troll earth magi
  Urug (D:11)
  A two-headed ogre (shapeshifter) (Depths:3)
  8 spriggan berserkers
  12 shock serpents
  2 small abominations (Elf:3)
  13 naga sharpshooters
  3 vampire magi
  A storm dragon zombie (Vaults:5)
  8 spriggans
  Sonja (Lair:3)
  5 iron trolls
  30 deep elf knights
  7 skeletal warriors
  5 unseen horrors
  2 shadow wraiths (Vaults:4)
  A storm dragon skeleton (Vaults:5)
  26 deep trolls
  A salamander mystic (Snake:3)
  2 spriggan druids
  6 hell knights
  An unseen horror (shapeshifter) (Vaults:4)
  3 wizards
  19 deep elf archers
  A glowing orange brain (shapeshifter) (Vaults:5)
  A shadow demon (Depths:1)
  2 torturous demonspawn
  3 flayed ghosts
  5 naga ritualists
  3 glowing orange brains
  An infernal demonspawn (Depths:2)
  14 swamp dragons
  A gelid demonspawn (Depths:1)
  59 deep elf magi
  5 necromancers
  An orb spider (shapeshifter) (Vaults:4)
  3 phantasmal warriors
  20 ironbrand convokers
  A harpy (shapeshifter) (Depths:4)
  7 mana vipers
  An orc sorcerer (Orc:2)
  7 wolf spiders
  The ghost of antares the Ruffian, a novice DrTm of Elyvilon (D:7)
  A stone giant zombie (Vaults:1)
  13 orc knights
  A cyclops (shapeshifter) (Depths:3)
  A salamander (shapeshifter) (Depths:1)
  9 cyclopes
  9 salamanders
  A shining eye (shapeshifter) (Depths:3)
  29 ugly things
  31 moths of wrath
  A frost giant zombie (Vaults:1)
  An iron dragon skeleton (Depths:1)
  An elephant (shapeshifter) (Vaults:5)
  11 elephants
  A black mamba (shapeshifter) (Vaults:5)
  13 vault sentinels
  43 black mambas
  20 naga magi
  5 guardian serpents
  A frost giant skeleton (Depths:1)
  3 ice statues
  An orange demon (Depths:2)
  5 centaur skeletons
  A yaktaur zombie (Vaults:5)
  A kobold demonologist (D:13)
  A gargoyle (D:11)
  A komodo dragon (shapeshifter) (Vaults:2)
  A yaktaur (shapeshifter) (Depths:3)
  2 human zombies (Vaults:5)
  23 spiny frogs
  A rime drake (shapeshifter) (Vaults:1)
  2 rime drakes
  8 freezing wraiths
  42 yaktaurs
  2 human skeletons (Vaults:5)
  6 komodo dragons
  2 efreet
  2 tengu conjurers
  2 red devils
  14 ice devils (IceCv)
  3 guardian mummies (Depths:4)
  A golden dragon simulacrum (Vaults:5)
  A polar bear (shapeshifter) (Depths:1)
  2 jumping spiders (shapeshifter)
  A jumping spider (Vaults:4)
  10 trolls
  7 tyrant leeches
  A merfolk (D:15)
  2 polar bears
  3 raiju (shapeshifter)
  9 hornets
  41 slime creatures
  A snapping turtle (shapeshifter) (Depths:3)
  2 ettin zombies
  8 hippogriffs
  3 bog bodies
  7 dream sheep (Lair:5)
  5 blink frogs (Lair:1)
  A human simulacrum (Vaults:2)
  A redback (shapeshifter) (Vaults:5)
  A frost giant simulacrum (Vaults:1)
  A spriggan (shapeshifter) (Depths:1)
  A ynoxinul (Depths:1)
  8 water elementals
  6 redbacks
  A vampire (D:14)
  6 air elementals
  4 shadows
  A tarantella (shapeshifter) (D:15)
  34 yaks
  12 wyverns
  2 humans (shapeshifter)
  9 wraiths
  4 fire elementals
  A yak (shapeshifter) (D:15)
  5 steam dragons
  A golden eye (shapeshifter) (Vaults:1)
  A hungry ghost (D:8)
  Grum (D:11)
  2 elf skeletons
  15 vampire mosquitoes
  2 basilisks
  A yaktaur simulacrum (Vaults:2)
  12 wargs
  17 swamp worms
  2 acid dragons
  78 nagas
  A soldier ant (D:12)
  24 water moccasins
  A floating eye (Depths:4)
  A floating eye (shapeshifter) (Vaults:5)
  9 porcupines
  7 sky beasts
  Purgy (D:4)
  36 orc warriors
  A phantom (D:7)
  A black bear (D:12)
  17 swamp drakes
  12 ice beasts
  7 necrophages
  9 boggarts
  60 ogres
  A wolf (shapeshifter) (Vaults:1)
  30 centaurs
  16 wolves
  19 crocodiles
  An elf simulacrum (Vaults:1)
  A big kobold (D:7)
  2 big kobolds (shapeshifter)
  15 bullfrogs
  A wyvern zombie (D:14)
  8 gnoll sergeants (Bailey)
  7 earth elementals
  2 wyvern skeletons
  4 scorpions
  The ghost of clownbabyjr the Skirmisher, a weakling DsFi (D:3)
  5 wights (D:15)
  9 howler monkeys
  15 electric eels
  2 bullfrog zombies
  9 crimson imps
  A centaur zombie (D:8)
  2 quasits
  3 jellies
  A bullfrog skeleton (D:12)
  7 gnoll shamans
  22 orc priests
  9 hounds
  20 orc wizards
  8 iguanas
  15 worker ants
  8 hell rats (Lair:3)
  A hound zombie (D:7)
  2 mummies (Depths:4)
  22 gnolls
  18 adders
  13 river rats
  4 shadow imps
  5 white imps (IceCv)
  8 ufetubi
  3 worms
  3 dart slugs
  6 leopard geckos
  80 orcs
  6 ball pythons
  7 giant cockroaches
  18 goblins
  10 hobgoblins
  7 jackals
  11 quokkas
  5 bats
  13 frilled lizards
  2 jackal skeletons
  13 kobolds
  A leopard gecko skeleton (D:4)
  2 quokka skeletons
  17 rats
  A spectral orc (D:8)
  6 briar patches (Swamp:4)
  2 crawling corpses (Elf:3)
  3 fungi
  9 plants (Lair:6)
2430 creatures vanquished.

Vanquished Creatures (others)
  2 deep elf master archers (Elf:3)
  A shadow dragon (Vaults:5)
  A vault warden (Vaults:5)
  An ettin (Vaults:5)
  An ice dragon (Vaults:3)
  An alligator (Swamp:3)
  A deep elf archer (Elf:1)
  A deep elf mage (Elf:3)
  A moth of wrath (Zot:5)
  A yaktaur (Depths:4)
  A tyrant leech (Swamp:2)
  An ogre (Vaults:5)
  A centaur (Depths:1)
  A crimson imp (D:10)
  2 orc wizards
  A white imp (IceCv)
  4 ufetubi (IceCv)
  An orc (D:10)
  A bush (Lair:6)
  11 fungi
  32 plants
67 creatures vanquished.

Grand Total: 2497 creatures vanquished

Notes
Turn   | Place    | Note
-------+----------+-------------------------------------------
     0 | D:1      | JeffiDaFish the Minotaur Fighter began the quest for the Orb.
     0 | D:1      | Reached XP level 1. HP: 19/19 MP: 0/0
    96 | D:1      | Gained mutation: You have a pair of large horns on your head. [potion of mutation]
    96 | D:1      | Gained mutation: You are partially covered in yellow scales. (AC +2) [potion of mutation]
   173 | D:1      | Reached XP level 2. HP: 27/27 MP: 1/1
   566 | D:2      | Reached XP level 3. HP: 33/33 MP: 2/2
   873 | D:2      | Found a shadowy altar of Dithmenos.
  1157 | D:3      | Reached XP level 4. HP: 41/41 MP: 3/3
  1193 | D:3      | Reached skill level 1 in Dodging
  1445 | D:3      | Reached XP level 5. HP: 30/47 MP: 4/4
  1865 | D:3      | Reached skill level 5 in Fighting
  1868 | D:3      | Reached skill level 5 in Armour
  1941 | D:3      | Noticed clownbabyjr's ghost (weakling DsFi)
  1948 | D:3      | Killed clownbabyjr's ghost
  1948 | D:3      | Reached XP level 6. HP: 39/56 MP: 5/5
  2281 | D:4      | Reached skill level 5 in Axes
  2471 | D:4      | Noticed Purgy
  2486 | D:4      | Killed Purgy
  2620 | D:4      | Reached XP level 7. HP: 51/62 MP: 6/6
  2780 | D:4      | Found a glowing drain.
  2798 | Sewer    | Entered a sewer
  3282 | D:5      | Entered Level 5 of the Dungeon
  3344 | D:5      | Found Gij Myrr's Magic Scroll Boutique.
  3355 | D:5      | Bought a scroll of enchant armour for 112 gold pieces
  3538 | D:5      | Found Rarilet's Jewellery Shop.
  4084 | D:6      | Reached XP level 8. HP: 73/73 MP: 7/7
  4742 | D:6      | Found a staircase to the Ecumenical Temple.
  4762 | Temple   | Entered the Ecumenical Temple
  4823 | Temple   | Became a worshipper of Warmaster Okawaru
  4881 | D:7      | Noticed antares's ghost (novice DrTm)
  4890 | D:7      | Killed antares's ghost
  4890 | D:7      | Reached * piety under Okawaru
  4890 | D:7      | Reached XP level 9. HP: 64/82 MP: 8/8
  5194 | D:7      | Reached ** piety under Okawaru
  5215 | D:7      | Reached skill level 5 in Dodging
  5855 | D:8      | Reached *** piety under Okawaru
  5932 | D:8      | Noticed a two-headed ogre
  5942 | D:8      | Killed a two-headed ogre
  5942 | D:8      | Reached **** piety under Okawaru
  5942 | D:8      | Reached skill level 10 in Fighting
  5942 | D:8      | Reached skill level 10 in Armour
  5942 | D:8      | Reached XP level 10. HP: 42/93 MP: 9/9
  6610 | D:8      | You fall through a shaft for 2 floors!
  6610 | D:10     | Entered Level 10 of the Dungeon
  6610 | D:10     | Noticed Snorg
  6620 | D:10     | Killed Snorg
  6620 | D:10     | Reached ***** piety under Okawaru
  6620 | D:10     | Reached skill level 10 in Axes
  6668 | D:10     | Noticed a two-headed ogre
  6674 | D:10     | Killed a two-headed ogre
  6674 | D:10     | Received a gift from Okawaru
  6674 | D:10     | Reached skill level 5 in Shields
  6691 | D:10     | Found Toocacs's Gadget Shoppe.
  6899 | D:8      | Found a basalt altar of Yredelemnul.
  7428 | D:9      | Got a steaming bronze ring
  7430 | D:9      | Identified the ring of Juizaxuj {*Tele rC+ Stlth+} (You found it on level 9 of the Dungeon)
  7804 | D:10     | Reached XP level 11. HP: 89/102 MP: 10/10
  8089 | D:10     | Noticed a two-headed ogre
  8097 | D:10     | Killed a two-headed ogre
  8223 | D:10     | Noticed a two-headed ogre
  8228 | D:10     | Killed a two-headed ogre
  8987 | D:11     | Noticed Grum
  8992 | D:11     | Noticed Urug
  9010 | D:11     | Killed Urug
  9016 | D:11     | Killed Grum
  9026 | D:11     | Noticed Erica
  9172 | D:11     | Killed Erica
  9172 | D:11     | Received a gift from Okawaru
  9176 | D:11     | Found a staircase to the Lair.
  9207 | D:11     | Got a spiked cloak {god gift}
  9218 | D:11     | Identified the +0 cloak of the Invisible Dances {Str+3} (Okawaru gifted it to you on level 11 of the Dungeon)
  9580 | D:11     | Noticed a purple ugly thing
  9585 | D:11     | Killed a purple ugly thing
  9693 | D:11     | Killed an unseen horror
  9693 | D:11     | Reached XP level 12. HP: 77/113 MP: 11/11
  9999 | D:11     | Identified a scroll of acquirement
 10002 | D:11     | Got a jewelled crystal plate armour
 10013 | D:11     | Identified the +19 crystal plate armour of the Morning {MR+} (You acquired it on level 11 of the Dungeon)
 10101 | Lair:1   | Entered Level 1 of the Lair of Beasts
 10882 | Lair:2   | Found a staircase to the Snake Pit.
 11193 | Lair:2   | Received a gift from Okawaru
 11196 | Lair:2   | Reached skill level 10 in Dodging
 11216 | Lair:2   | Got a blackened scarf {god gift}
 11227 | Lair:2   | Identified the scarf of Mental Paralysis {+Inv Str+6} (Okawaru gifted it to you on level 2 of the Lair of Beasts)
 11698 | Lair:3   | Noticed Sonja
 11700 | Lair:3   | Killed Sonja
 11856 | Lair:3   | Reached ****** piety under Okawaru
 12323 | Lair:4   | Reached XP level 13. HP: 115/122 MP: 12/12
 12611 | Lair:4   | Noticed hawkwood's ghost (journeyman MiWz)
 12627 | Lair:4   | Killed hawkwood's ghost
 12694 | Lair:4   | Received a gift from Okawaru
 12946 | Lair:4   | Found a staircase to the Swamp.
 13341 | Lair:5   | You fall through a shaft!
 13341 | Lair:6   | Entered Level 6 of the Lair of Beasts
 13654 | Lair:6   | Received a gift from Okawaru
 13786 | Lair:5   | Found a staircase to the Slime Pits.
 13786 | Lair:5   | Found a viscous altar of Jiyva.
 14316 | Lair:6   | Received a gift from Okawaru
 14368 | Lair:6   | Reached skill level 15 in Armour
 14749 | Lair:6   | Reached skill level 15 in Fighting
 14749 | Lair:6   | Reached skill level 15 in Axes
 14861 | Lair:6   | Reached XP level 14. HP: 133/135 MP: 13/13
 15366 | Lair:6   | Received a gift from Okawaru
 16526 | D:12     | Received a gift from Okawaru
 16593 | D:12     | Found Tyketz's Food Shoppe.
 16693 | D:12     | Found a shimmering altar of Xom.
 16700 | D:12     | Found a staircase to the Orcish Mines.
 17171 | D:13     | Found a flagged portal.
 17181 | Bailey   | Entered a bailey
 18122 | D:14     | Noticed Josephine
 18146 | D:14     | Killed Josephine
 18617 | D:14     | Found an opulent altar of Gozag.
 18701 | D:14     | Received a gift from Okawaru
 18728 | D:14     | Found a gate to the Vaults.
 18828 | D:14     | Reached XP level 15. HP: 143/143 MP: 14/14
 19258 | D:15     | Entered Level 15 of the Dungeon
 19314 | D:15     | Found a staircase to the Depths.
 19692 | D:15     | Received a gift from Okawaru
 20181 | Orc:1    | Entered Level 1 of the Orcish Mines
 20326 | Orc:2    | Entered Level 2 of the Orcish Mines
 20326 | Orc:2    | Found a staircase to the Elven Halls.
 20408 | Orc:2    | Found Benokh's Magic Scroll Emporium.
 20628 | Orc:2    | Found Zimo's Book Shop.
 20629 | Orc:2    | Bought a scroll of enchant armour for 112 gold pieces
 20687 | Orc:2    | Found Jeplouzo's Gadget Emporium.
 20984 | Orc:2    | Found Uwinagul's Jewellery Emporium.
 21013 | Orc:2    | Received a gift from Okawaru
 21031 | Orc:2    | Received a gift from Okawaru
 21035 | Orc:2    | Reached skill level 15 in Dodging
 21047 | Orc:2    | Reached skill level 1 in Invocations
 21064 | Orc:2    | Found Dalurgh's Jewellery Boutique.
 21073 | Orc:2    | Found Sasoaxoh's General Store.
 21076 | Orc:2    | Found Laje's General Store.
 21076 | Orc:2    | Found Niunnax's Magic Scroll Shoppe.
 21099 | Orc:2    | Bought the amulet of the Four Winds {rN+ MR+++ Clar} for 746 gold pieces
 21099 | Orc:2    | Bought the ring of Zoruv {+Blink rPois rF+ Stlth-} for 673 gold pieces
 21130 | Orc:2    | Bought an uncursed ring of see invisible for 225 gold pieces
 21131 | Orc:2    | Bought a potion of resistance for 150 gold pieces
 21131 | Orc:2    | Bought a scroll of teleportation for 45 gold pieces
 21132 | Orc:2    | Bought a scroll of teleportation for 39 gold pieces
 21430 | Snake:1  | Entered Level 1 of the Snake Pit
 21940 | Snake:1  | Got a shimmering cloak
 21951 | Snake:1  | Identified the +1 cloak of the Hot Ocelot {+Inv Dex+5 Stlth+} (You found it on level 1 of the Snake Pit)
 22032 | Snake:1  | Found Zolityug's General Store.
 22066 | Snake:1  | Noticed a nagaraja
 22077 | Snake:1  | Killed a nagaraja
 22077 | Snake:1  | Received a gift from Okawaru
 22143 | Snake:1  | Reached XP level 16. HP: 149/151 MP: 16/16
 23116 | Snake:2  | Received a gift from Okawaru
 23829 | Snake:3  | Noticed Aizul
 23855 | Snake:3  | Killed Aizul
 23861 | Snake:3  | Received a gift from Okawaru
 24184 | Snake:3  | Found a frozen archway.
 24196 | IceCv    | Entered an ice cave
 24371 | IceCv    | Noticed an Ice Fiend
 24372 | IceCv    | Noticed an Ice Fiend
 24412 | IceCv    | Killed an Ice Fiend
 24782 | IceCv    | Killed an Ice Fiend
 25230 | Snake:3  | Received a gift from Okawaru
 25483 | Snake:3  | Reached XP level 17. HP: 135/161 MP: 19/19
 25610 | Snake:3  | Noticed Agnes
 25618 | Snake:3  | Killed Agnes
 25652 | Snake:3  | Noticed Bai Suzhen
 25709 | Snake:3  | Killed Bai Suzhen
 26330 | Snake:4  | Entered Level 4 of the Snake Pit
 27133 | Snake:4  | Received a gift from Okawaru
 27188 | Snake:4  | Reached skill level 5 in Invocations
 28242 | Snake:4  | Received a gift from Okawaru
 28314 | Snake:4  | Got a serpentine rune of Zot
 28721 | Swamp:1  | Entered Level 1 of the Swamp
 28774 | Swamp:1  | Reached XP level 18. HP: 171/171 MP: 21/21
 28777 | Swamp:1  | Noticed Louise
 28792 | Swamp:1  | Killed Louise
 29206 | Swamp:1  | Noticed Roxanne
 29232 | Swamp:1  | Killed Roxanne
 29233 | Swamp:1  | Identified Roxanne's Reference Book on Transmutation (You took it off Roxanne on level 1 of the Swamp)
 29302 | Swamp:1  | Received a gift from Okawaru
 31378 | Swamp:4  | Entered Level 4 of the Swamp
 32197 | Swamp:4  | Noticed the 27-headed Lernaean hydra
 32216 | Swamp:4  | Killed the 27-headed Lernaean hydra
 32216 | Swamp:4  | Received a gift from Okawaru
 32306 | Swamp:4  | Got a decaying rune of Zot
 32992 | Depths:1 | Entered Level 1 of the Depths
 32999 | Depths:1 | Noticed the Enchantress
 33555 | Vaults:1 | Entered Level 1 of the Vaults
 33611 | Vaults:1 | Noticed Saint Roka
 33625 | Vaults:1 | Killed Saint Roka
 33625 | Vaults:1 | Received a gift from Okawaru
 33634 | Vaults:1 | Got a pair of fine boots {god gift}
 33646 | Vaults:1 | Identified the +0 pair of boots of the Will of the Gods {Str+3} (Okawaru gifted it to you on level 1 of the Vaults)
 33709 | Vaults:1 | Reached XP level 19. HP: 135/181 MP: 22/22
 34785 | Vaults:1 | Received a gift from Okawaru
 35013 | Vaults:1 | Found Osuv Dufo's Distillery.
 35021 | Vaults:1 | Bought a potion of heal wounds for 75 gold pieces
 35021 | Vaults:1 | Bought a potion of curing for 45 gold pieces
 35021 | Vaults:1 | Bought a potion of curing for 45 gold pieces
 35601 | Vaults:2 | Noticed Boris
 35639 | Vaults:2 | Killed Boris
 36135 | Vaults:2 | Found a hazy altar of Hepliaklqana.
 36513 | Vaults:2 | Found Jeali's Antique Weapon Boutique.
 36876 | Vaults:2 | Received a gift from Okawaru
 36989 | Vaults:2 | Found a staircase to the Crypt.
 36989 | Vaults:2 | Found a basalt altar of Yredelemnul.
 36989 | Vaults:2 | Found an ancient bone altar of Kikubaaqudgha.
 37224 | Vaults:3 | Reached XP level 20. HP: 182/193 MP: 23/23
 37377 | Vaults:3 | Noticed Sojobo
 37405 | Vaults:3 | Killed Sojobo
 37453 | Vaults:3 | You fall through a shaft!
 37495 | Vaults:4 | Received a gift from Okawaru
 37600 | Vaults:4 | Identified the +0 flail of Havoc {vamp, Int+2} (You found it on level 4 of the Vaults)
 38174 | Vaults:4 | Received a gift from Okawaru
 38181 | Vaults:4 | Got a slimy shield {god gift}
 38182 | Vaults:4 | Identified the +0 shield of the Dice {+Inv rPois Dex-2 Slay+5 SInv} (Okawaru gifted it to you on level 4 of the Vaults)
 38683 | Vaults:5 | Entered Level 5 of the Vaults
 38784 | Vaults:5 | Noticed a golden dragon
 38803 | Vaults:5 | Received a gift from Okawaru
 38804 | Vaults:5 | Killed a golden dragon
 38806 | Vaults:5 | Reached XP level 21. HP: 176/202 MP: 20/24
 38809 | Vaults:5 | Noticed a golden dragon
 39063 | Vaults:5 | Noticed a golden dragon
 39092 | Vaults:5 | Noticed an ancient lich
 39285 | Vaults:4 | Killed a golden dragon
 39631 | Vaults:5 | Received a gift from Okawaru
 40180 | Vaults:5 | Gained mutation: You are weak. (Str -2) [a cacodemon]
 40680 | Vaults:5 | Noticed an ancient lich
 40705 | Vaults:5 | Killed an ancient lich
 40771 | Vaults:4 | Killed a golden dragon
 41213 | Vaults:5 | Received a gift from Okawaru
 41279 | Vaults:5 | Reached XP level 22. HP: 197/213 MP: 25/25
 41348 | Vaults:5 | Got a silver rune of Zot
 41494 | Vaults:5 | Received a gift from Okawaru
 41524 | Vaults:5 | Identified the +1 crystal plate armour of the Ban {Str+4} (Okawaru gifted it to you on level 5 of the Vaults)
 41604 | Vaults:5 | Got a steaming crystal amulet
 41607 | Vaults:5 | Identified the amulet "Xaffogun" {Gourm rC+ Str+3 Dex+4} (You took it off a deep elf sorcerer on level 5 of the Vaults)
 42088 | Vaults:5 | Noticed a golden dragon
 42106 | Vaults:5 | Killed a golden dragon
 42603 | Depths:1 | Noticed Asterion
 42619 | Depths:1 | Killed Asterion
 43051 | Depths:1 | Found a gateway to a ziggurat.
 43068 | Depths:1 | Received a gift from Okawaru
 43393 | Depths:1 | Found a gateway to Hell.
 43471 | Depths:1 | Found a one-way gate leading to the halls of Pandemonium.
 44292 | Depths:2 | Received a gift from Okawaru
 44483 | Depths:2 | Noticed a golden dragon
 44494 | Depths:2 | Killed a golden dragon
 44494 | Depths:2 | Received a gift from Okawaru
 44494 | Depths:2 | Reached XP level 23. HP: 179/225 MP: 20/26
 44735 | Depths:2 | Noticed a juggernaut
 44756 | Depths:2 | Killed a juggernaut
 45536 | Depths:3 | Noticed Margery
 45556 | Depths:3 | Killed Margery
 45640 | Depths:3 | Found Oleigo's Jewellery Emporium.
 45678 | Depths:3 | Received a gift from Okawaru
 45720 | Depths:3 | Gained mutation: You tend to lose your temper in combat. [a shining eye]
 45792 | Depths:3 | Got a shimmering bone amulet
 45793 | Depths:3 | Identified the amulet "Pucufe" {Regen+ Str+4} (You found it on level 3 of the Depths)
 46139 | Depths:3 | Noticed Mara
 46142 | Depths:3 | Noticed JeffiDaFish's illusion
 46149 | Depths:3 | Killed Mara
 46741 | Depths:4 | Received a gift from Okawaru
 46753 | Depths:4 | Got an encrusted crystal plate armour {god gift}
 46764 | Depths:4 | Identified the +13 crystal plate armour of Nupapyot {Dex+3} (Okawaru gifted it to you on level 4 of the Depths)
 47152 | Depths:4 | Reached XP level 24. HP: 193/238 MP: 22/26
 47289 | Depths:4 | Noticed a greater mummy
 47301 | Depths:4 | Killed a greater mummy
 47533 | Depths:4 | Noticed a greater mummy
 47548 | Depths:4 | Killed a greater mummy
 47882 | Depths:4 | Noticed a greater mummy
 47897 | Depths:4 | Killed a greater mummy
 48029 | Depths:4 | Found a one-way gate to the infinite horrors of the Abyss.
 48168 | Depths:4 | Paralysed by a floating eye for 2 turns
 48294 | Depths:5 | Entered Level 5 of the Depths
 48759 | Depths:5 | Found Ythraeff's Book Shop.
 49032 | Depths:5 | Received a gift from Okawaru
 49283 | Depths:5 | Found a gate to the Realm of Zot.
 49535 | Depths:5 | Noticed a juggernaut
 49552 | Depths:5 | Killed a juggernaut
 49755 | Elf:1    | Entered Level 1 of the Elven Halls
 49776 | Elf:1    | Found a radiant altar of Vehumet.
 50372 | Elf:1    | Reached XP level 25. HP: 247/247 MP: 26/26
 50533 | Elf:1    | Received a gift from Okawaru
 50968 | Elf:2    | Found a huge runed gate.
 50968 | Elf:2    | Found a huge runed gate.
 50968 | Elf:2    | Found a huge runed gate.
 50968 | Elf:2    | Found a huge runed gate.
 50968 | Elf:2    | Found a huge runed gate.
 52035 | Elf:3    | Entered Level 3 of the Elven Halls
 52591 | Elf:3    | Noticed Donald
 53087 | Elf:3    | Received a gift from Okawaru
 53185 | Elf:3    | Killed Donald
 53298 | Elf:3    | Got a faintly glowing ivory ring
 53565 | Elf:3    | Identified the Grimoire of Nocuous Curses
 53570 | Elf:3    | Identified the Papyrus of the Lamprey
 53670 | Elf:3    | Identified Jomminem's Papyrus of Torrid Clay
 53932 | D:15     | Killed the Enchantress
 54241 | Zot:1    | Entered Level 1 of the Realm of Zot
 54663 | Zot:1    | Reached skill level 27 in Armour
 55306 | Zot:1    | Reached XP level 26. HP: 264/264 MP: 26/26
 56337 | Zot:2    | Reached skill level 27 in Axes
 56366 | Zot:2    | Reached skill level 27 in Fighting
 56591 | Zot:2    | Received a gift from Okawaru
 56778 | Zot:2    | Got a faintly humming buckler {god gift}
 56789 | Zot:2    | Identified the -5 buckler of the Rabble {-Tele rPois Int+4} (Okawaru gifted it to you on level 2 of the Realm of Zot)
 57987 | Zot:3    | Noticed an orb of fire
 57999 | Zot:3    | Gained mutation: Your body sometimes deteriorates upon taking damage. [an orb of fire]
 58001 | Zot:3    | Gained mutation: Armour fits poorly on your strangely shaped body. [an orb of fire]
 58005 | Zot:3    | Killed an orb of fire
 58134 | Zot:3    | Reached skill level 10 in Shields
 58552 | Zot:4    | Noticed an orb of fire
 58554 | Zot:4    | Gained mutation: You are clumsy. (Dex -2) [an orb of fire]
 58565 | Zot:4    | Gained mutation: You are frail. (-10% HP) [an orb of fire]
 58572 | Zot:4    | Killed an orb of fire
 59107 | Zot:4    | Received a gift from Okawaru
 59151 | Zot:4    | Noticed an orb of fire
 59162 | Zot:4    | Gained mutation: Your magical capacity is low. (-10% MP) [an orb of fire]
 59167 | Zot:4    | Gained mutation: You are dopey. (Int -2) [an orb of fire]
 59167 | Zot:4    | Gained mutation: You are very frail. (-20% HP) [an orb of fire]
 59168 | Zot:4    | Killed an orb of fire
 59204 | Zot:4    | HP: 5/212 [something/bolt of cold (42)]
 59726 | Zot:4    | Reached XP level 27. HP: 203/218 MP: 23/23
 59941 | Zot:5    | Entered Level 5 of the Realm of Zot
 60501 | Zot:5    | Received a gift from Okawaru
 60504 | Zot:5    | Got a pair of jewelled boots {god gift}
 60515 | Zot:5    | Identified the +0 pair of boots of Wonder {rPois Dex+2} (Okawaru gifted it to you on level 5 of the Realm of Zot)
 60629 | Zot:5    | Noticed an ancient lich
 60639 | Zot:5    | Killed an ancient lich
 60661 | Zot:5    | Noticed an ancient lich
 60678 | Zot:5    | Killed an ancient lich
 60727 | Zot:5    | Noticed an orb of fire
 60756 | Zot:5    | Gained mutation: You are very dopey. (Int -4) [an orb of fire]
 60757 | Zot:5    | Killed an orb of fire
 60801 | Zot:5    | Reached skill level 15 in Shields
 61295 | Zot:5    | Received a gift from Okawaru
 61500 | Zot:5    | Noticed an ancient lich
 61514 | Zot:5    | Killed an ancient lich
 62049 | Zot:5    | Got the Orb of Zot
 62080 | Zot:5    | Noticed an orb of fire
 62196 | Zot:3    | Noticed a seraph
 62258 | Zot:1    | Noticed Xexoil the pandemonium lord
 62365 | Depths:2 | Noticed Zurab the pandemonium lord
 62418 | D:13     | Noticed a seraph
 62497 | D:10     | HP: 8/218 [Brimstone Fiend/damnation (38)]
 62497 | D:10     | Lost intelligence.
 62501 | D:10     | Killed from afar by a hellion

Skill      XL: |  1  2  3  4  5  6  7  8  9 10 11 12 13 14 15 16 17 18 19 20 21 22 23 24 25 26 27 |
---------------+----------------------------------------------------------------------------------+-----
Axes           | 3 4 5 6 8 9 10 12 13 15 16 17 18 19 20 21 22 23 24 25 26 27 | 27.0
Fighting       | 4 5 7 8 10 11 12 13 15 16 17 18 19 20 21 22 24 25 26 27 | 27.0
Armour         | 4 5 7 8 10 11 12 13 15 16 17 18 19 20 21 22 23 25 26 27 | 27.0
Dodging        | 1 2 3 4 5 6 8 10 13 15 16 17 18 19 20 22 24 | 24.3
Shields        | 5 12 17 | 17.3
Invocations    | 1 4 6 |  6.2

Action                   |  1- 3 |  4- 6 |  7- 9 | 10-12 | 13-15 | 16-18 | 19-21 | 22-24 | 25-27 || total
-------------------------+-------+-------+-------+-------+-------+-------+-------+-------+-------++-------
Melee: War axe           |    83 |   105 |   237 |   541 |   871 |  1298 |   565 |       |       ||  3700
       Headbutt          |    12 |    15 |    41 |   114 |   280 |   548 |   482 |   623 |   599 ||  2714
       Flail             |       |       |       |       |   108 |    32 |       |       |       ||   140
       Broad axe         |       |       |       |       |    13 |    79 |   521 |  1486 |  1456 ||  3555
       Eveningstar       |       |       |       |       |       |   145 |       |       |       ||   145
       Executioner's axe |       |       |       |       |       |       |    12 |       |       ||    12
Invok: Finesse           |       |       |       |       |     1 |     6 |     4 |     5 |     4 ||    20
 Abil: Evoke Blink       |       |       |       |       |       |       |       |       |     1 ||     1
Evoke: Wand              |       |       |       |     2 |       |       |       |       |       ||     2
  Use: Potion            |     8 |     3 |     4 |     5 |     4 |     5 |     2 |       |    29 ||    60
       Scroll            |     2 |     2 |    11 |    14 |     9 |    12 |    16 |    12 |    10 ||    88
 Stab: Invisible         |       |       |       |       |     1 |       |       |       |       ||     1
       Confused          |       |       |       |       |     1 |       |       |       |       ||     1
       Distracted        |       |       |       |       |       |     1 |       |     2 |       ||     3
  Eat: Chunk             |     1 |     4 |    12 |    21 |    30 |    30 |    23 |    30 |    36 ||   187
       Royal jelly       |       |       |       |       |     1 |     4 |     1 |       |     2 ||     8
       Meat ration       |       |       |       |       |       |     2 |       |       |       ||     2
Armor: Scale mail        |    44 |    75 |    31 |       |       |       |       |       |       ||   150
       Chain mail        |       |       |   100 |   106 |       |       |       |       |       ||   206
       Plate armour      |       |       |    23 |    79 |       |       |       |       |       ||   102
       Crystal plate arm |       |       |       |   123 |   575 |  1260 |   575 |   607 |   662 ||  3802
Dodge: Dodged            |    49 |    67 |   132 |   215 |   407 |  1011 |   798 |   902 |   893 ||  4474
Block: Buckler           |       |       |       |   143 |   372 |   811 |   455 |   518 |   549 ||  2848
       Reflection        |       |       |       |       |       |       |     9 |    48 |    29 ||    86
